 Dungeon Crawl Stone Soup version 0.30-a0-339-g89bb51ec76 (webtiles) character file.

Game seed: 12475453933064051168

84973 Lobster4 the Destroyer (level 15, -4/126 HPs)
             Began as a Pale Draconian Conjurer on Oct 31, 2022.
             Was an Elder of Nemelex Xobeh.
             Succumbed to Rupert's poison
             ... on level 11 of the Dungeon.
             The game lasted 02:35:51 (36841 turns).

Lobster4 the Destroyer (Pale Draconian Conjurer)   Turns: 36841, Time: 02:35:51

Health: -4/126     AC: 24    Str:  8    XL:     15   Next: 36%
Magic:  12/29      EV: 15    Int: 29    God:    Nemelex Xobeh [****..]
Gold:   1635       SH:  0    Dex: 11    Spells: 14/35 levels left

rFire   + + +      SeeInvis +    a - +3 Elemental Staff {rElec rF++ rC++ AC+5}
rCold   + + +      Faith    .    (no shield)
rNeg    . . .      Spirit   .    (body armour unavailable)
rPois   .          Reflect  .    V - +1 hat of Enuxykkiko {rC+++ rCorr Str-3 SInv}
rElec   +          Harm     .    q - scarf {rC+ rF+}
rCorr   +          Rampage  .    F - +2 pair of gloves
Will    +....                    k - +1 pair of boots
Stlth   ++........               c - amulet of regeneration
HPRegen 1.21/turn                j - ring of Fanguqada {rF+ Int+6}
MPRegen 0.21/turn                L - +4 ring of protection

@: lethally poisoned (-4 -> -38), studying Ice Magic
A: breathe steam, AC +9, unfitting armour, cold-blooded, steam resistance
a: Breathe Steam, Renounce Religion, Draw Escape, Draw Destruction, Draw
Summoning, Triple Draw, Deal Four


You were on level 11 of the Dungeon.
You worshipped Nemelex Xobeh.
Nemelex Xobeh was greatly pleased with you.
You visited 4 branches of the dungeon, and saw 20 of its levels.
You also visited: Ossuary, Gauntlet and Ice Cave.

You collected 2130 gold pieces.
You spent 495 gold pieces at shops.

Inventory:

Hand Weapons
 a - the +3 Elemental Staff (weapon) {rElec rF++ rC++ AC+5}
   (You found it in a Gauntlet)

   If the wielder is skilled in Evocations, they can discharge powerful blasts
   of elemental energy when striking with it.
   It enhances your fire, ice, earth and air magic.
   AC:        It affects your AC (+5).
   rF:        It greatly protects you from fire.
   rC:        It greatly protects you from cold.
   rElec:     It insulates you from electricity.
 b - a +4 arbalest of flaming
 J - a +2 morningstar
 P - a +1 shortbow of draining
 T - the +6 mace "Ogre's Bane" {venom, *Rage rF+ Dex+3}
   (You found it on level 3 of the Lair of Beasts)

   It poisons the flesh of those it strikes.
   Dex:       It affects your dexterity (+3).
   rF:        It protects you from fire.
   *Rage:     It berserks you when you make melee attacks (+20% chance).
 U - the +12 long sword of Gausofuo {venom, Str+5}
   (You found it on level 4 of the Lair of Beasts)

   It poisons the flesh of those it strikes.
   Str:       It affects your strength (+5).
Missiles
 r - 7 javelins
 v - 9 poisoned darts
 B - 8 boomerangs
 E - 2 silver boomerangs
Armour
 k - a +1 pair of boots (worn)
 q - a scarf of resistance (worn)
 F - a +2 pair of gloves (worn)
 V - the +1 hat of Enuxykkiko (worn) {rC+++ rCorr Str-3 SInv}
   (You found it in a Gauntlet)

   Str:       It affects your strength (-3).
   rC:        It renders you almost immune to cold.
   SInv:      It lets you see invisible.
   rCorr:     It protects you from acid and corrosion.
Magical Staves
 M - a staff of death
 O - a staff of conjuration
Jewellery
 c - an amulet of regeneration (around neck)
 j - the ring of Fanguqada (left hand) {rF+ Int+6}
   (You acquired it in an ice cave)

   [ring of intelligence]

   Int:       It affects your intelligence (+6).
   rF:        It protects you from fire.
 s - a ring of fire
 z - a ring of willpower
 G - a ring of protection from cold
 L - a +4 ring of protection (right hand)
 W - the ring of Lewo Dav {Fly Slay+2}
   (You found it in a Gauntlet)

   [ring of flight]

   Slay:      It affects your accuracy & damage with ranged weapons and melee
   (+2).
   Fly:       It grants you flight.
Wands
 i - a wand of polymorph (10)
 l - a wand of flame (22)
 I - a wand of charming (13)
 Y - a wand of quicksilver (1)
Scrolls
 e - 8 scrolls of teleportation
 g - 4 scrolls of magic mapping
 m - a scroll of brand weapon
 p - 9 scrolls of amnesia
 t - 3 scrolls of enchant armour
 A - 4 scrolls of enchant weapon
 D - a scroll of butterflies
 K - a scroll of immolation
 S - 4 scrolls of identify
 X - a scroll of fear {unknown}
Potions
 d - 5 potions of heal wounds
 f - 3 potions of brilliance
 h - 9 potions of flight
 n - a potion of invisibility
 o - 5 potions of ambrosia
 u - 5 potions of magic
 w - 2 potions of curing
 x - a potion of might
 C - 2 potions of lignification
 H - 4 potions of cancellation
Miscellaneous
 N - a box of beasts
 Q - a tin of tremorstones (2/2)
 R - a lightning rod (4/4)
 Z - a condenser vane (inert)


   Skills:
 - Level 10.0 Fighting
 + Level 5.0 Long Blades
 - Level 4.0 Staves
 + Level 9.3 Ranged Weapons
 - Level 2.0 Throwing
 - Level 10.0 Dodging
 - Level 2.0 Stealth
 + Level 10.6 Spellcasting
 + Level 12.8 Conjurations
 + Level 9.2 Translocations
 + Level 5.6 Air Magic
 - Level 7.0 Invocations
 + Level 5.5 Evocations


You had 14 spell levels left.
You knew the following spells:

 Your Spells              Type           Power      Damage    Failure   Level
a - Magic Dart            Conj           100%       1d8       1%          1
b - Searing Ray           Conj           100%       2d8       1%          2
c - Iskenderun's Mystic   Conj/Tloc      68%        2d14      1%          4
d - Shock                 Conj/Air       100%       1d9       1%          1
e - Airstrike             Air            32%        2d(5-21)  3%          4
f - Swiftness             Air            64%        N/A       1%          3
g - Gell's Gravitas       Tloc           62%        N/A       1%          3
t - Teleport Other        Tloc           62%        N/A       1%          3

Your spell library contained the following spells:

 Spells                   Type           Power      Damage    Failure   Level
 Dazzling Flash           Conj/Hex       100%       N/A       1%          3
 Lesser Beckoning         Tloc           100%       N/A       1%          3
 Portal Projectile        Hex/Tloc       84%        N/A       1%          3
 Fulminant Prism          Conj/Hex       25%        3d13      2%          4
 Sublimation of Blood     Necr           15%        N/A       5%          2
 Irradiate                Conj/Tmut      25%        3d20      7%          5
 Ozocubu's Armour         Ice            23%        N/A       11%         3
 Tukima's Dance           Hex            15%        N/A       11%         3
 Leda's Liquefaction      Hex/Erth       11%        N/A       34%         4
 Petrify                  Tmut/Erth      23%        N/A       34%         4
 Blade Hands              Tmut           7%         N/A       69%         5
 Lee's Rapid Deconstruct  Erth           11%        3d8*      69%         5
 Metabolic Englaciation   Hex/Ice        11%        N/A       69%         5
 Yara's Violent Unravell  Hex/Tmut       7%         3d5       69%         5
 Simulacrum               Ice/Necr       11%        N/A       99%         6
 Statue Form              Tmut/Erth      15%        N/A       99%         6
 Enfeeble                 Hex            7%         N/A       100%        7


Dungeon Overview and Level Annotations

Branches:
Dungeon (12/15)            Temple (1/1) D:7            Lair (5/5) D:11
  Swamp (0/4) Lair:2        Snake (0/4) Lair:2        Slime (0/5) Lair:5
    Orc (2/2) D:9             Elf (0/3) Orc:2       Ossuary (visited)
  IceCv (visited)         Gauntlet (visited)

Altars:
Ashenzari
Cheibriados
Dithmenos
Elyvilon
Fedhas
Gozag
Hepliaklqana
Kikubaaqudgha
Makhleb
Nemelex Xobeh
Okawaru
Qazlal
Ru
Sif Muna
Trog
Uskayaw
Vehumet
Wu Jian
Xom
Yredelemnul
Zin
The Shining One
Jiyva

Shops:
D:9 (   D:10 [   D:11 [   Orc:2 **(!

Annotations:
D:9 2 transporters, exclusion: orange crystal statue, FizzleBag's ghost, novice MiFi
D:11 3 runed translucent doors, FizzleBag's ghost, journeyman MiFi; Rupert; sirJeffrey23's ghost, journeyman FoFi
Orc:2 3 runed translucent doors, Palms's ghost, journeyman NaFE


Innate Abilities, Weirdness & Mutations

You can breathe blasts of scalding, opaque steam.
Your pale cyan-grey scales are hard. (AC +9)
You cannot fit into any form of body armour.
You are cold-blooded and may be slowed by cold attacks.
You are immune to the effects of steam.


Message History

You erupt in a blast of force!
The mystic blast hits Rupert!
Rupert is severely wounded.
Rupert is knocked back by the mystic blast.
You feel sick.
Unknown command.
You feel sick. Rupert gestures at you while chanting.
The toxic sludge hits you!
You are more poisoned.
* * * LOW HITPOINT WARNING * * *
Splash!
You fall into the toxic bog.
Moving in this stuff is going to be slow.
Your surroundings suddenly seem different.
You feel extremely sick.
You start resting.
You feel very sick. x3
You feel sick. x8
You are no longer poisoned.
You start resting.
Rupert is nearby!
As you read the scroll of teleportation, it crumbles to dust.
You feel strangely unstable.
Rupert hits you with a +3 battleaxe of venom!
You are poisoned.
Rupert kicks you but does no damage. Rupert attacks as you move away!
Rupert hits you but does no damage.
You are more poisoned.
Rupert kicks you!
* * * LOW HITPOINT WARNING * * *
You feel very sick. Rupert attacks as you move away!
Rupert hits you with a +3 battleaxe of venom!!
* * * LOW HITPOINT WARNING * * *
You are lethally poisoned!
Rupert kicks you.
* * * LOW HITPOINT WARNING * * *
Your surroundings suddenly seem different.
You die...
Your body glows with a rainbow of weird colours and disappears.

### ##.# ### # ###### #####..#
#.### #.##.# #....#.# ##.##
##..## ##...##.######... ## ##.#
##................ .##
###.#####.....#..#######..
..######........@..#....# ##.
....#......##....####...# #..
.#.....##..##.....# ##..# ##..
..#..####.####.#..# #..## ##...
#....# ##.# #.(..####...####....
##...# #..##
##....#......##..#..
##..###...###.........##.....##.
##.##..............#####.....#.
# #..#............### ##.......#


There were no monsters in sight!

Vanquished Creatures
  Kirke (Lair:3)
  A minotaur (Gauntlet)
  An ettin (Orc:1)
  A great orb of eyes (Gauntlet)
  4 hydras
  2 catoblepae
  An ironbound frostheart (IceCv)
  A boulder beetle (Lair:1)
  An alligator (IceCv)
  3 two-headed ogres
  6 death yaks (IceCv)
  An orc high priest (Orc:2)
  A hell hog (D:12)
  Amaemon (D:8)
  Nergalle (D:11)
  The ghost of XWhyZ the Frost Mage, a novice MfIE of Gozag (D:7)
  2 glowing orange brains (Gauntlet)
  3 goliath frogs (Lair:5)
  2 bog bodies (Lair:2)
  11 orc knights
  6 ugly things
  A deep elf pyromancer (D:10)
  An orc sorcerer (Orc:2)
  2 cyclopes
  30 elephants
  6 black mambas
  An ice statue (IceCv)
  Maurice (D:9)
  A gargoyle (D:12)
  17 cane toads
  7 komodo dragons
  2 unseen horrors
  3 rime drakes
  A queen bee (Lair:1)
  8 polar bears (IceCv)
  2 tyrant leeches (Lair:5)
  26 blink frogs
  5 trolls
  A hornet (D:8)
  2 dream sheep (Lair:4)
  5 slime creatures (D:12)
  A shadow (D:9)
  3 wyverns
  57 yaks
  Sigmund (D:4)
  A vampire (D:10)
  3 wraiths
  4 hogs
  11 vampire mosquitoes
  A steam dragon (Lair:4)
  2 swamp worms (Lair:2)
  A naga (Lair:2)
  11 wargs
  An acid dragon (D:11)
  5 water moccasins
  3 black bears
  36 orc warriors
  3 sky beasts
  8 ogres
  25 wolves
  5 centaurs
  2 phantoms
  2 kobold brigands (D:9)
  An elf zombie (Ossuary)
  15 bullfrogs
  3 scorpions
  3 necrophages
  A water moccasin zombie (D:4)
  3 wights (D:7)
  29 killer bees
  2 howler monkeys
  6 electric eels
  2 jellies
  2 centaur zombies (Ossuary)
  5 hounds
  3 gnoll boudas
  2 human zombies (Ossuary)
  16 orc priests
  4 iguanas
  14 orc wizards
  2 mummies (Ossuary)
  7 gnolls
  12 adders
  2 shadow imps
  A white imp (D:8)
  2 ufetubi
  3 adder zombies
  5 dart slugs
  63 orcs
  A bat zombie (D:3)
  10 endoplasms
  8 goblins
  5 hobgoblins
  7 jackals
  3 quokkas
  8 ball pythons
  9 bats
  2 goblin zombies (Ossuary)
  9 hobgoblin zombies (Ossuary)
  2 jackal zombies
  22 kobolds
  8 kobold zombies (Ossuary)
  9 orc zombies (Ossuary)
  4 rats
  4 rat zombies
678 creatures vanquished.

Vanquished Creatures (others)
  A death yak (IceCv)
  A bush (Lair:2)
  40 fungi
  177 plants
  6 withered plants (D:11)
225 creatures vanquished.

Grand Total: 903 creatures vanquished

Notes
Turn   | Place    | Note
-------+----------+-------------------------------------------
     0 | D:1      | Lobster4 the Draconian Conjurer began the quest for the
                  | Orb.
     0 | D:1      | Reached XP level 1. HP: 14/14 MP: 3/3
   243 | D:1      | Reached XP level 2. HP: 22/22 MP: 1/5
   246 | D:1      | Learned a level 2 spell: Searing Ray
   601 | D:1      | Reached skill level 1 in Fighting
  1566 | D:2      | Reached XP level 3. HP: 28/28 MP: 1/6
  2553 | D:3      | Found a shimmering altar of Xom.
  2746 | D:3      | Found an ancient bone altar of Kikubaaqudgha.
  2879 | D:3      | Reached XP level 4. HP: 36/36 MP: 0/7
  3711 | D:4      | Reached skill level 1 in Evocations
  3816 | D:4      | Reached XP level 5. HP: 41/41 MP: 3/9
  4086 | D:4      | Identified the +1 leather armour "Xozih" {rF++}
  4501 | D:4      | Noticed Sigmund
  4506 | D:4      | Killed Sigmund
  4507 | D:4      | Reached skill level 5 in Conjurations
  4507 | D:4      | Reached XP level 6. HP: 29/51 MP: 6/11
  4765 | D:4      | Found a basalt altar of Yredelemnul.
  4895 | D:4      | Your scales start taking on a pale cyan-grey colour.
  4895 | D:4      | Reached XP level 7. HP: 57/57 MP: 3/12
  4895 | D:4      | Gained mutation: You are immune to the effects of steam.
                  | [Pale Draconian growth]
  5081 | D:4      | Identified the +0 pair of gloves of Sunafuo {rElec rF-
                  | rC++}
  5419 | D:5      | Entered Level 5 of the Dungeon
  5673 | D:5      | Found a sand-covered staircase.
  5680 | Ossuary  | Entered an ossuary
  6197 | Ossuary  | Reached skill level 1 in Staves
  6844 | D:5      | Found a transporter.
  6844 | D:5      | Found a transporter.
  7008 | D:5      | Reached XP level 8. HP: 67/67 MP: 9/14
  7439 | D:5      | Reached skill level 6 in Conjurations
  7764 | D:6      | Reached skill level 5 in Fighting
  8187 | D:6      | Learned a level 4 spell: Iskenderun's Mystic Blast
  8354 | D:6      | Reached skill level 5 in Spellcasting
  8814 | D:6      | Reached skill level 1 in Translocations
  8863 | D:7      | Noticed a troll
  8865 | D:7      | Killed a troll
  8866 | D:7      | Reached XP level 9. HP: 74/74 MP: 16/16
  8873 | D:7      | Reached skill level 5 in Evocations
  9043 | D:7      | Found a runed translucent door.
  9043 | D:7      | Noticed XWhyZ's ghost (novice MfIE)
  9311 | D:7      | Found a staircase to the Ecumenical Temple.
  9325 | Temple   | Entered the Ecumenical Temple
  9615 | Temple   | Became a worshipper of Nemelex Xobeh the Trickster
 10396 | D:8      | Reached skill level 1 in Ranged Weapons
 10396 | D:8      | Reached skill level 7 in Conjurations
 10396 | D:8      | Reached skill level 1 in Invocations
 10757 | D:8      | Reached skill level 5 in Dodging
 10879 | D:8      | Reached * piety under Nemelex Xobeh
 10916 | D:8      | Noticed an orange demon
 11067 | D:8      | Paralysed by a hornet for 2 turns
 11070 | D:8      | Reached XP level 10. HP: 64/84 MP: 11/18
 11140 | D:8      | Noticed Amaemon
 11156 | D:8      | Killed Amaemon
 11682 | D:9      | Found a radiant altar of Vehumet.
 11736 | D:9      | Received a gift from Nemelex Xobeh
 11880 | D:9      | Found Rous's Weapon Emporium.
 11939 | D:9      | Found a transporter.
 11942 | D:9      | Noticed FizzleBag's ghost (novice MiFi)
 11954 | D:9      | Found a staircase to the Orcish Mines.
 12455 | D:9      | Noticed an orange crystal statue
 12516 | D:9      | Noticed Maurice
 12541 | D:9      | Killed Maurice
 12733 | D:9      | Found a transporter.
 12832 | D:10     | Entered Level 10 of the Dungeon
 12957 | D:9      | Reached skill level 8 in Conjurations
 13306 | D:10     | Found Kidom's Antique Armour Boutique.
 13385 | D:10     | Reached ** piety under Nemelex Xobeh
 13979 | D:10     | Received a gift from Nemelex Xobeh
 13995 | D:10     | Noticed a deep elf pyromancer
 13998 | D:10     | Reached skill level 5 in Translocations
 13999 | D:10     | Killed a deep elf pyromancer
 14136 | D:10     | Reached XP level 11. HP: 84/93 MP: 10/21
 14703 | D:11     | Learned a level 1 spell: Shock
 14708 | D:11     | Found a runed translucent gate.
 14710 | D:11     | Found a runed translucent gate.
 14711 | D:11     | Found a runed translucent gate.
 14713 | D:11     | Noticed sirJeffrey23's ghost (journeyman FoFi)
 14713 | D:11     | Noticed FizzleBag's ghost (journeyman MiFi)
 14866 | D:11     | Reached skill level 1 in Air Magic
 15299 | D:11     | Found Gyabrogg's Armour Emporium.
 15299 | D:11     | Noticed a two-headed ogre
 15308 | D:11     | Killed a two-headed ogre
 15436 | D:11     | Learned a level 3 spell: Teleport Other
 15444 | D:11     | Received a gift from Nemelex Xobeh
 15458 | D:11     | Found a staircase to the Lair.
 15482 | D:11     | Reached *** piety under Nemelex Xobeh
 15609 | D:11     | Noticed Nergalle
 15615 | D:11     | Noticed a spectral orc warlord
 15616 | D:11     | Killed Nergalle
 15826 | D:11     | Received a gift from Nemelex Xobeh
 16756 | D:12     | Noticed a two-headed ogre
 16764 | D:12     | Killed a two-headed ogre
 16866 | D:12     | Noticed a rakshasa
 16978 | D:12     | Noticed a boulder beetle
 17039 | Lair:1   | Entered Level 1 of the Lair of Beasts
 17314 | Lair:1   | Received a gift from Nemelex Xobeh
 18099 | Lair:1   | Reached **** piety under Nemelex Xobeh
 18293 | Lair:1   | Reached skill level 9 in Conjurations
 18435 | Lair:1   | Noticed a boulder beetle
 18614 | Lair:1   | Learned a level 3 spell: Swiftness
 18698 | Lair:1   | Killed a boulder beetle
 18699 | Lair:1   | Reached skill level 1 in Throwing
 18909 | Lair:2   | Reached XP level 12. HP: 89/103 MP: 14/23
 18978 | Lair:2   | Reached skill level 5 in Ranged Weapons
 19043 | Lair:2   | Noticed a catoblepas
 19077 | Lair:2   | Found a staircase to the Snake Pit.
 19214 | Lair:2   | Reached skill level 5 in Invocations
 19383 | Lair:2   | Received a gift from Nemelex Xobeh
 19390 | Lair:2   | Found a frozen archway.
 19417 | IceCv    | Entered an ice cave
 19606 | IceCv    | Identified a scroll of acquirement
 19607 | IceCv    | Acquired the ring of Fanguqada {rF+ Int+6}
 20794 | IceCv    | Reached skill level 5 in Air Magic
 21006 | IceCv    | Found the +4 skin of Zhor {*Englaciate rC+++ SInv}
 21008 | IceCv    | Noticed a death yak
 21008 | IceCv    | Noticed an ironbound frostheart
 21008 | IceCv    | Noticed an ironbound frostheart
 21008 | IceCv    | Noticed a death yak
 21025 | IceCv    | Killed a death yak
 21026 | IceCv    | an ironbound frostheart changed into an alligator
 21026 | IceCv    | Noticed an alligator
 21030 | IceCv    | Killed an ironbound frostheart
 21031 | IceCv    | Killed an alligator
 21288 | IceCv    | Killed a death yak
 21638 | IceCv    | Reached XP level 13. HP: 107/112 MP: 15/25
 21869 | IceCv    | Reached skill level 10 in Conjurations
 22335 | Lair:2   | Reached skill level 10 in Fighting
 23131 | Lair:2   | Found a staircase to the Swamp.
 23613 | Lair:3   | Noticed Kirke
 24177 | Lair:3   | Received a gift from Nemelex Xobeh
 24296 | Lair:3   | Identified the +6 mace "Ogre's Bane" {venom, *Rage rF+
                  | Dex+3}
 24486 | Lair:3   | Killed Kirke
 25248 | Lair:4   | Identified the +12 long sword of Gausofuo {venom, Str+5}
 25378 | Lair:4   | Received a gift from Nemelex Xobeh
 25617 | Lair:4   | Reached skill level 1 in Long Blades
 26117 | Lair:4   | Reached skill level 11 in Conjurations
 26460 | Lair:4   | Reached XP level 14. HP: 121/121 MP: 10/27
 27126 | Lair:5   | Entered Level 5 of the Lair of Beasts
 27979 | Lair:5   | Reached skill level 10 in Spellcasting
 28997 | Lair:5   | Reached skill level 10 in Dodging
 29394 | Lair:5   | Reached skill level 12 in Conjurations
 29673 | Lair:5   | Received a gift from Nemelex Xobeh
 29700 | Lair:5   | Identified the +2 robe of the Imp {Will- MP+9 Str+3 Dex+2}
 30052 | Lair:5   | Found a staircase to the Slime Pits.
 30052 | Lair:5   | Found a viscous altar of Jiyva.
 30884 | D:7      | Killed XWhyZ's ghost
 31201 | Orc:1    | Entered Level 1 of the Orcish Mines
 31201 | Orc:1    | You fall into a shaft and drop 1 floor!
 31201 | Orc:2    | Entered Level 2 of the Orcish Mines
 31201 | Orc:2    | Found a staircase to the Elven Halls.
 31371 | Orc:2    | Found a runed translucent gate.
 31377 | Orc:2    | Found a runed translucent gate.
 31377 | Orc:2    | Found a runed translucent gate.
 31379 | Orc:2    | Noticed Palms's ghost (journeyman NaFE)
 31386 | Orc:2    | Received a gift from Nemelex Xobeh
 31492 | Orc:2    | Found a gate leading to a gauntlet.
 31512 | Gauntlet | Entered a Gauntlet
 31512 | Gauntlet | Found a transporter.
 31593 | Gauntlet | Found a transporter.
 31606 | Gauntlet | Found a transporter.
 31609 | Gauntlet | Found a transporter.
 31621 | Gauntlet | Found a transporter.
 31639 | Gauntlet | Found a transporter.
 31652 | Gauntlet | Found a transporter.
 31674 | Gauntlet | Found a transporter.
 31676 | Gauntlet | Found a transporter.
 31678 | Gauntlet | Found the +3 Elemental Staff {rElec rF++ rC++ AC+5}
 31684 | Gauntlet | Found a transporter.
 31706 | Gauntlet | Found a transporter.
 31708 | Gauntlet | Found a transporter.
 31928 | Gauntlet | Identified the +1 hat of Enuxykkiko {rC+++ rCorr Str-3
                  | SInv}
 31970 | Gauntlet | Identified the ring of Lewo Dav {Fly Slay+2}
 32216 | Orc:2    | Received a gift from Nemelex Xobeh
 32397 | Orc:2    | Reached XP level 15. HP: 114/125 MP: 2/29
 32858 | Orc:1    | Learned a level 4 spell: Airstrike
 33306 | Orc:1    | Received a gift from Nemelex Xobeh
 34182 | Orc:2    | Found Lusu Kui's Antique Weapon Boutique.
 34182 | Orc:2    | Found Deen's Distillery.
 35085 | Orc:2    | Found Tuthrocu's General Store.
 35085 | Orc:2    | Found Uceddax's General Store.
 35409 | Orc:2    | Bought a fine flail for 255 gold pieces
 35409 | Orc:2    | Identified the +6 flail of the Desert {vorpal, Str+5 Dex-4}
                  | (You bought it in a shop on level 2 of the Orcish Mines)
 35414 | Orc:2    | Bought a masterwork short sword for 240 gold pieces
 35414 | Orc:2    | Identified the +7 short sword "Era Laoz" {venom, *Rage
                  | rElec rPois Stlth+} (You bought it in a shop on level 2 of
                  | the Orcish Mines)
 35425 | Orc:2    | Learned a level 3 spell: Gell's Gravitas
 35912 | D:12     | Noticed Rupert
 36513 | D:12     | Rupert changed into Rupert the fenstrider witch
 36513 | D:12     | Noticed Rupert
 36525 | D:12     | Reached skill level 5 in Long Blades
 36784 | D:11     | Paralysed by Rupert for 2 turns
 36841 | D:11     | HP: 6/126 [Rupert the fenstrider witch/+3 battleaxe of
                  | venom (6)]
 36841 | D:11     | Succumbed to Rupert's poison

Illustrated notes

Levels and vault maps discovered:
D:1:      amcnicky_arrival_blooded_trapdoor, layout_basic
D:2:      layout_basic, nicolae_concentric_dashed_squares_wild
D:3:      layout_basic, xom_butterflies, lemuel_zombie_altar_kikubaaqudgha
D:4:      layout_loops_ring, nicolae_yredelemnul_corpse_copse,
          minmay_misc_feat_diagonals, minmay_joined_circles, uniq_sigmund
D:5:      gammafunk_steamed_eel, layout_loops_ring, nicolae_ossuary_entry_ruins,
          kennysheep_generic_room_4
D:6:      layout_basic
D:7:      layout_loops_ring, minmay_temple_entry_grid,
          ebering_ghost_reflecting_pool
D:8:      layout_loops_ring, uniq_amaemon
D:9:      minmay_statue_hallways, layout_loops_ring, nicolae_vehumet_radiance,
          orc_0_dummy, serial_shops, nicolae_stop_n_shop_2,
          gammafunk_ghost_hive, uniq_maurice
D:10:     layout_gridville, serial_shops, nicolae_inconvenience_store
D:11:     layout_layer_cave, erik_lair_orcish_takeover,
          gammafunk_ghost_cemetery, serial_shops, nicolae_square_shop,
          uniq_nergalle
D:12:     layout_roguey, uniq_rupert
Temple:   dpeg_five_rooms_temple
Lair:1:   layout_loops_ring, special_room [special_room_bee], fungi_pond_lemuel,
          chequers_serial_rivers_small_a, serial_bayou_shore_a
Lair:2:   layout_misc_corridors, nicolae_swamp_entry_splash_gauntlet,
          guppyfry_snake_entry_island, portal_ice_cave_rime, minmay_hedge_maze
Lair:3:   layout_roguey, serial_bayou, serial_bayou_lagoon_a,
          serial_bayou_pond_c, serial_bayou_shore_b, serial_bayou_pond_a,
          serial_bayou_pond_d, serial_bayou_crossing, uniq_kirke
Lair:4:   layout_regular_city, minivault_24, dreamdust_gnoll_shepherd,
          grunt_megastairs_5, infiniplex_staircase_pool_2
Lair:5:   minmay_lair_end_frog_pond, layout_gridlike, slime_entry_1
Orc:1:    layout_caves
Orc:2:    st_orc_town, layout_caves, maelrawn_ghost_gauntlet_escape,
          gauntlet_entry_generic, special_room, nicolae_orc_tapped_out

Skill      XL: |  1  2  3  4  5  6  7  8  9 10 11 12 13 14 15 |
---------------+----------------------------------------------+-----
Stealth        | 2 |  2.0
Dodging        | 2 3 4 5 6 7 9 10 | 10.0
Fighting       | 1 2 3 4 5 6 7 8 9 10 | 10.0
Evocations     | 1 2 3 4 5 |  5.5
Spellcasting   | 3 4 5 6 7 8 9 10 | 10.6
Conjurations   | 5 6 7 8 9 11 12 | 12.8
Staves         | 1 3 4 |  4.0
Translocations | 1 3 5 6 8 9 |  9.2
Ranged Weapons | 2 3 4 6 7 9 |  9.3
Invocations    | 2 3 4 6 7 |  7.0
Air Magic      | 3 5 |  5.6
Throwing       | 1 2 |  2.0
Long Blades    | 2 3 5 |  5.0

Action                   |  1- 3 |  4- 6 |  7- 9 | 10-12 | 13-15 || total
-------------------------+-------+-------+-------+-------+-------++-------
Melee: Short sword       |     6 |       |       |       |       ||     6
       Staff             |       |       |    12 |    77 |   195 ||   284
       Long sword        |       |       |     2 |       |       ||     2
       Tailslap          |       |       |     1 |    11 |    41 ||    53
       Punch             |       |       |       |     1 |     2 ||     3
 Fire: Arbalest          |       |       |       |       |     7 ||     7
Throw: Dart              |       |       |     1 |    23 |    23 ||    47
       Boomerang         |       |       |       |     1 |       ||     1
       Javelin           |       |       |       |       |     2 ||     2
 Cast: Magic Dart        |    95 |    41 |   119 |   130 |   205 ||   590
       Searing Ray       |     5 |    21 |    67 |   182 |   273 ||   548
       Shock             |       |       |       |    14 |    73 ||    87
       Iskenderun's Myst |       |       |       |     5 |   156 ||   161
       Teleport Other    |       |       |       |     3 |     5 ||     8
       Airstrike         |       |       |       |       |    13 ||    13
Invok: Triple Draw       |       |       |       |     3 |     1 ||     4
       Draw Destruction  |       |       |       |     2 |     3 ||     5
 Abil: Breathe Steam     |       |       |     2 |     3 |     1 ||     6
Evoke: Wand              |       |     2 |     2 |    29 |    14 ||    47
       Lightning rod     |       |       |       |       |     4 ||     4
       Tin of tremorston |       |       |       |       |     2 ||     2
       Box of beasts     |       |       |       |       |     1 ||     1
       Condenser vane    |       |       |       |       |     1 ||     1
  Use: Scroll            |       |       |    17 |    15 |    10 ||    42
       Potion            |       |       |     1 |     8 |     6 ||    15
 Stab: Invisible         |       |       |       |     1 |       ||     1
Armor: Skin              |     7 |     5 |    39 |   229 |   365 ||   645
Dodge: Dodged            |    13 |    15 |    57 |   308 |   609 ||  1002

Table legend: (Time is in decaauts)
 A = Elapsed time spent in this place.
 B = Non-inter-level travel time spent in this place.
 C = Inter-level travel time spent in this place.
 D = Time resting spent in this place.
 E = Time spent auto-exploring this place.
 F = Levels seen in this place.
 G = Mean time per level.
                   A        B        C        D        E       F      G
               +--------+--------+--------+--------+--------+-----+--------+
         Total |  36999 |  35372 |   1627 |  11695 |  17020 |  23 | 1608.7 |
       Dungeon |  17445 |  16547 |    898 |   3728 |  10538 |  12 | 1453.8 |
        Temple |    342 |    260 |     82 |      0 |    248 |   1 |  342.0 |
          Lair |  10944 |  10439 |    505 |   4157 |   4177 |   5 | 2188.8 |
  Orcish Mines |   3691 |   3550 |    141 |   1270 |   1281 |   2 | 1845.5 |
       Ossuary |   1120 |   1120 |      0 |    685 |    144 |   1 | 1120.0 |
      Ice Cave |   2797 |   2797 |      0 |   1606 |    418 |   1 | 2797.0 |
      Gauntlet |    657 |    657 |      0 |    249 |    214 |   1 |  657.0 |
               +--------+--------+--------+--------+--------+-----+--------+

Top non-repeatable levels by time:
  Lair:4: 3240 daAuts
   Orc:2: 2975 daAuts
   IceCv: 2797 daAuts
    D:11: 2269 daAuts
  Lair:5: 2211 daAuts
  Lair:2: 2204 daAuts
     D:4: 1815 daAuts
  Lair:1: 1792 daAuts
     D:9: 1788 daAuts
     D:1: 1558 daAuts
     D:8: 1531 daAuts
    D:10: 1502 daAuts
  Lair:3: 1494 daAuts
    D:12: 1398 daAuts
     D:6: 1285 daAuts
